 Dungeon Crawl Stone Soup version 0.29-a0-207-gf982a884d8 (webtiles) character file.

Game seed: 17188751584255606265

26448 riojii the Marksspriggan (level 12, -2/60 HPs)
             Began as a Spriggan Hunter on Feb 24, 2022.
             Was a Believer of Hepliaklqana.
             Succumbed to a cane toad's poison
             ... on level 3 of the Lair of Beasts.
             The game lasted 00:29:14 (18194 turns).

riojii the Marksspriggan (Spriggan Hunter)         Turns: 18194, Time: 00:29:14

Health: -2/60      AC:  7    Str:  8    XL:     12   Next: 98%
Magic:  13/13      EV: 27    Int: 13    God:    Hepliaklqana [**....]
Gold:   901        SH:  5    Dex: 20    Spells: 11/11 levels left

rFire   . . .      SeeInvis +   a - +2 shortbow
rCold   . . .      Faith    .   (shield currently unavailable)
rNeg    . . .      Spirit   .   E - +0 acid dragon scales
rPois   .          Reflect  +   (helmet restricted)
rElec   .          Harm     .   y - +0 cloak
rCorr   +          Rampage  .   (gloves unavailable)
Will    ++...                   (boots unavailable)
Stlth   +.........              u - amulet of reflection
HPRegen 0.20/turn               (no ring)
MPRegen 0.13/turn               (no ring)

@: lethally poisoned (-2 -> -11), slow
A: reduced essence, very small, no large weapons, unfitting armour, see
invisible, speed 3
a: Renounce Religion, Recall Ancestor, Ancestor Identity


You were on level 3 of the Lair of Beasts.
You worshipped Hepliaklqana.
Hepliaklqana was pleased with you.
You visited 3 branches of the dungeon, and saw 15 of its levels.

You collected 901 gold pieces.

Inventory:

Hand Weapons
 a - a +2 shortbow (weapon)
Missiles
 e - 15 poisoned darts
 p - 11 curare-tipped darts
 q - a throwing net
Armour
 b - a +1 robe
 y - a +0 cloak (worn)
 E - +0 acid dragon scales (worn)
Jewellery
 u - an amulet of reflection (around neck)
 K - a ring of ice
 N - a ring of flight
Wands
 r - a wand of flame (37)
 v - a wand of digging (5)
 x - a wand of polymorph (2)
 A - a wand of acid (5)
 B - a wand of paralysis (2)
 D - a wand of iceblast (5)
Scrolls
 i - a scroll of enchant armour
 j - 6 scrolls of teleportation
 l - a scroll of enchant weapon
 o - a scroll of fog {unknown}
 s - 3 scrolls of summoning {unknown}
 w - 8 scrolls of fear
 z - 3 scrolls of immolation {unknown}
 F - 2 scrolls of amnesia {unknown}
 H - 2 scrolls of brand weapon {unknown}
 I - a scroll of magic mapping {unknown}
 J - a scroll of blinking {unknown}
 L - a scroll of silence {unknown}
 M - a scroll of holy word {unknown}
Potions
 c - a potion of lignification
 d - 2 potions of resistance
 f - 2 potions of ambrosia
 g - 9 potions of curing
 h - 3 potions of haste
 k - 4 potions of heal wounds
 m - 3 potions of flight
 n - a potion of invisibility {unknown}
 t - 2 potions of brilliance {unknown}
 C - 3 potions of attraction {unknown}
 G - a potion of cancellation {unknown}


   Skills:
 + Level 9.6 Fighting
 * Level 18.7 Bows
 + Level 14.6 Dodging
 - Level 1.5 Stealth


You had 11 spell levels left.
You didn't know any spells.
Your spell library contained the following spells:

 Spells                   Type           Power      Damage    Failure   Level
 Animate Skeleton         Necr           0%         N/A       50%         1
 Apportation              Tloc           0%         N/A       50%         1
 Magic Dart               Conj           0%         1d3       50%         1
 Sandblast                Erth           0%         2d4       50%         1
 Sting                    Tmut/Pois      0%         1d3       50%         1
 Summon Small Mammal      Summ           0%         N/A       50%         1
 Passwall                 Tmut/Erth      0%         N/A       63%         2
 Poisonous Vapours        Pois/Air       0%         N/A       63%         2
 Call Canine Familiar     Summ           0%         N/A       86%         3
 Dazzling Flash           Conj/Hex       0%         N/A       86%         3
 Stone Arrow              Conj/Erth      0%         3d7       86%         3
 Summon Guardian Golem    Hex/Summ       0%         N/A       86%         3
 Olgreb's Toxic Radiance  Pois           0%         N/A       99%         4
 Passage of Golubria      Tloc           0%         N/A       99%         4
 Alistair's Intoxication  Tmut/Pois      0%         N/A       100%        5
 Silence                  Hex/Air        0%         N/A       100%        5
 Lehudib's Crystal Spear  Conj/Erth      0%         10d2      100%        8


Dungeon Overview and Level Annotations

Branches:
Dungeon (11/15)            Temple (1/1) D:4            Lair (3/6) D:11
  Swamp (0/4) Lair:2        Snake (0/4) Lair:3          Orc (0/2) D:9

Altars:
Ashenzari
Cheibriados
Dithmenos
Elyvilon
Fedhas
Gozag
Hepliaklqana
Kikubaaqudgha
Makhleb
Nemelex Xobeh
Okawaru
Qazlal
Ru
Sif Muna
Trog
Uskayaw
Vehumet
Wu Jian
Xom
Yredelemnul
Zin
The Shining One
Jiyva

Annotations:
D:10 3 runed translucent doors, pokeman's ghost, journeyman DEWz
D:11 Urug
Lair:1 exclusion: 4 oklob plants


Innate Abilities, Weirdness & Mutations

Your life essence is reduced to manifest your ancestor. (-10% HP)
You are very small and have problems with some larger weapons.
You are too small for most types of armour.
You have supernaturally acute eyesight. (SInv)
You cover ground extremely quickly. (Speed+++)


Message History

The black mamba poisons you!
You shoot an arrow.
The arrow closely misses the black mamba.
You feel very sick. You block the black mamba's attack.
The cane toad closely misses you.
You shoot an arrow. The arrow hits the black mamba.
The black mamba is severely wounded.
You feel sick. The black mamba misses you. The cane toad stings you.
You are lethally poisoned!
The cane toad poisons you! The black mamba completely misses you.
You are too injured to fight recklessly!
You are too injured to fight recklessly!
You are too injured to fight recklessly!
You are too injured to fight recklessly!
You are too injured to fight recklessly!
You are too injured to fight recklessly!
You are too injured to fight recklessly!
You are too injured to fight recklessly!
You are too injured to fight recklessly!
You are too injured to fight recklessly!
You are too injured to fight recklessly!
You are too injured to fight recklessly!
You feel very sick.
* * * LOW HITPOINT WARNING * * *
You feel very sick.
* * * LOW HITPOINT WARNING * * *
You feel very sick.
You enter the shallow water.
Moving in this stuff is going to be slow.
* * * LOW HITPOINT WARNING * * *
You feel very sick. The black mamba closely misses you.
Why would you want to do that?
* * * LOW HITPOINT WARNING * * *
You feel very sick.
* * * LOW HITPOINT WARNING * * *
You feel very sick.
The black mamba splashes around in the water.
The cane toad completely misses you.
You die...

#..............†.......#...#
..........##.#..............#
.......#.###.................
.....#######.....#...###.....
#...# #.#.....#..P##.....
#... ###≈..........##.....
#.## #.#.≈≈≈≈≈≈.≈###..#...
....# #.[.≈≈≈≈≈≈≈≈.........
.....####..≈@≈≈≈≈≈≈≈.........
.......#...≈≈≈...≈≈≈≈........
...........SF≈.>.≈≈≈≈##.###..
. .....###≈≈≈≈≈..≈≈≈≈#### ###
#...#..F#..≈≈≈≈≈≈≈≈≈.# #
....h...#h.≈≈≈≈≈≈≈≈..##
..#....#...≈≈≈≈≈≈≈≈.#.#
...............≈.≈.####
#...#........P....P#


You could see a black mamba, a cane toad and a black bear.

Vanquished Creatures
  Snorg (D:11)
  4 hydras
  Amaemon (Lair:2)
  6 two-headed ogres
  Sonja (D:10)
  Maurice (D:10)
  A black mamba (Lair:3)
  3 gargoyles
  An orange demon (Lair:2)
  Maggie (D:10)
  2 unseen horrors (D:10)
  3 cane toads
  3 komodo dragons
  A tyrant leech (Lair:2)
  2 polar bears (Lair:1)
  A troll (D:10)
  3 blink frogs (Lair:3)
  2 shadows (D:9)
  4 wraiths
  2 wyverns
  Eustachio (D:4)
  22 yaks
  Grum (D:10)
  A steam dragon (D:5)
  A vampire mosquito (D:11)
  2 two-headed ogre zombies (D:9)
  6 nagas (Lair:3)
  A swamp worm (Lair:2)
  9 water moccasins
  4 ice beasts
  2 black bears
  An orc warrior (D:9)
  A black bear (shapeshifter) (D:10)
  3 ogres
  2 necrophages (D:5)
  3 wolves (D:10)
  2 centaurs
  A phantom (D:3)
  A kobold brigand (D:8)
  9 bullfrogs
  A gnoll sergeant (D:8)
  A wyvern zombie (D:6)
  A howler monkey (D:5)
  4 hounds
  3 jellies
  2 centaur zombies
  8 orc priests
  2 bullfrog skeletons (D:6)
  A gnoll shaman (D:7)
  8 iguanas
  5 orc wizards
  A killer bee zombie (D:6)
  6 ogre zombies (D:9)
  A hound skeleton (D:5)
  2 howler monkey zombies
  8 gnolls
  A howler monkey skeleton (D:5)
  5 adders
  A white imp (D:6)
  2 ufetubi
  A worm (D:2)
  2 dart slugs
  26 orcs
  7 bats
  3 endoplasms
  5 giant cockroaches
  8 goblins
  4 hobgoblins
  8 kobolds
  4 quokkas
  7 ball pythons
  2 frilled lizards
  3 goblin skeletons (D:9)
  2 goblin zombies (D:9)
  4 hobgoblin zombies (D:9)
  3 orc skeletons (D:9)
  13 orc zombies (D:9)
  4 rats
285 creatures vanquished.

Vanquished Creatures (collateral kills)
  Fannar (Lair:2)
  A hydra (Lair:2)
  A cane toad (Lair:1)
  Psyche (D:11)
  A wyvern (D:10)
  2 yaks (Lair:1)
  A basilisk (Lair:1)
  2 swamp worms (Lair:2)
  A bullfrog (D:11)
  A scorpion (D:11)
12 creatures vanquished.

Vanquished Creatures (others)
  2 battlemagi (Lair:2)
  10 ancestors
  51 fungi
  57 plants
120 creatures vanquished.

Grand Total: 417 creatures vanquished

Notes
Turn   | Place    | Note
-------+----------+-------------------------------------------
     0 | D:1      | riojii the Spriggan Hunter began the quest for the Orb.
     0 | D:1      | Reached XP level 1. HP: 10/10 MP: 2/2
    62 | D:1      | Reached skill level 5 in Bows
   151 | D:1      | Reached XP level 2. HP: 15/15 MP: 3/3
   206 | D:1      | Found a faded altar of an unknown god.
   417 | D:2      | Reached XP level 3. HP: 18/18 MP: 4/4
  1062 | D:3      | Noticed a phantom
  1069 | D:3      | Killed a phantom
  1070 | D:3      | Reached skill level 6 in Bows
  1070 | D:3      | Reached XP level 4. HP: 17/23 MP: 5/5
  1181 | D:3      | Reached XP level 5. HP: 27/27 MP: 6/6
  1495 | D:4      | Noticed Eustachio
  2201 | D:4      | Killed Eustachio
  2202 | D:4      | Reached skill level 7 in Bows
  2202 | D:4      | Reached skill level 5 in Dodging
  2202 | D:4      | Reached XP level 6. HP: 10/32 MP: 7/7
  2445 | D:4      | Found an opulent altar of Gozag.
  2446 | D:4      | Found a sacrificial altar of Ru.
  2447 | D:4      | Found a burning altar of Makhleb.
  2449 | D:4      | Found a hide-covered altar of Uskayaw.
  2754 | D:4      | Found a staircase to the Ecumenical Temple.
  2994 | Temple   | Entered the Ecumenical Temple
  3093 | D:5      | Entered Level 5 of the Dungeon
  3156 | D:5      | Reached skill level 8 in Bows
  3156 | D:5      | Reached XP level 7. HP: 28/36 MP: 8/8
  3680 | D:5      | Noticed a yak
  3684 | D:5      | Noticed a yak
  3686 | D:5      | Noticed a yak
  3687 | D:5      | Noticed a yak
  4043 | D:5      | Reached skill level 9 in Bows
  4129 | D:4      | Killed a yak
  4130 | D:4      | Reached XP level 8. HP: 15/42 MP: 9/9
  4519 | D:4      | Reached skill level 10 in Bows
  5441 | D:6      | Reached skill level 5 in Fighting
  5653 | D:6      | Reached skill level 11 in Bows
  5679 | D:6      | Reached XP level 9. HP: 47/47 MP: 10/10
  6705 | D:7      | Noticed a two-headed ogre
  6742 | D:7      | Killed a two-headed ogre
  6743 | D:7      | Reached skill level 12 in Bows
  8044 | D:8      | Noticed a two-headed ogre
  8088 | D:8      | Killed a two-headed ogre
  8089 | D:8      | Reached skill level 13 in Bows
  8089 | D:8      | Reached XP level 10. HP: 53/53 MP: 11/11
  8404 | D:8      | Reached skill level 10 in Dodging
  8940 | D:9      | Found a staircase to the Orcish Mines.
  9604 | D:9      | Found a broken altar of Ashenzari.
  9605 | D:9      | Found a bloodstained altar of Trog.
  9605 | D:9      | Found a glowing golden altar of the Shining One.
  9998 | D:9      | Reached skill level 14 in Bows
 10138 | D:9      | Found a hazy altar of Hepliaklqana.
 10138 | D:9      | Found a shadowy altar of Dithmenos.
 10162 | D:9      | Became a worshipper of Hepliaklqana the Forgotten
 10170 | D:10     | Entered Level 10 of the Dungeon
 10185 | D:10     | Noticed Grum
 10241 | D:10     | Killed Grum
 10314 | D:10     | Noticed a gargoyle
 10636 | D:10     | Killed a gargoyle
 10783 | D:10     | Noticed Maggie
 10810 | D:10     | Killed Maggie
 10825 | D:10     | Reached XP level 11. HP: 30/58 MP: 12/12
 11026 | D:10     | Noticed Maurice
 11040 | D:10     | Killed Maurice
 11041 | D:10     | Reached skill level 15 in Bows
 11112 | D:10     | Found a runed translucent gate.
 11115 | D:10     | Found a runed translucent gate.
 11116 | D:10     | Found a runed translucent gate.
 11411 | D:10     | Reached * piety under Hepliaklqana
 11412 | D:10     | Noticed a great orb of eyes
 11412 | D:10     | Noticed pokeman's ghost (journeyman DEWz)
 11415 | D:10     | Found a viscous altar of Jiyva.
 11461 | D:10     | Noticed Sonja
 11463 | D:10     | Killed Sonja
 11777 | D:11     | Noticed a two-headed ogre
 11839 | D:11     | Noticed a two-headed ogre
 11854 | D:11     | Noticed Snorg
 11854 | D:11     | Noticed a six-headed hydra
 11862 | D:11     | Noticed Psyche
 11868 | D:11     | Found a staircase to the Lair.
 12594 | D:11     | Noticed a two-headed ogre
 12657 | D:11     | Killed Snorg
 12693 | D:11     | Killed a two-headed ogre
 12852 | D:11     | Killed a two-headed ogre
 12853 | D:11     | Reached skill level 16 in Bows
 12923 | D:11     | Killed Psyche
 12944 | D:11     | Killed a two-headed ogre
 12986 | D:11     | Killed a six-headed hydra
 13160 | D:11     | Noticed an eight-headed hydra
 13218 | D:11     | Killed an eight-headed hydra
 13437 | D:11     | Noticed a two-headed ogre
 13441 | D:11     | Noticed Urug
 13458 | D:11     | Killed a two-headed ogre
 13459 | D:11     | Reached XP level 12. HP: 57/58 MP: 13/13
 14450 | Lair:1   | Entered Level 1 of the Lair of Beasts
 14455 | Lair:1   | Reached skill level 17 in Bows
 14819 | Lair:1   | Noticed a four-headed hydra
 14856 | Lair:1   | Killed a four-headed hydra
 16118 | Lair:2   | You fall into a shaft and drop 1 floor!
 16175 | Lair:2   | Found a basalt altar of Yredelemnul.
 16290 | Lair:2   | Reached ** piety under Hepliaklqana
 16310 | Lair:2   | Remembered your ancestor Mithas as a battlemage
 16497 | Lair:2   | Noticed Amaemon
 16517 | Lair:2   | Killed Amaemon
 16518 | Lair:2   | Reached skill level 18 in Bows
 17084 | Lair:2   | Noticed a six-headed hydra
 17087 | Lair:2   | Noticed a six-headed hydra
 17095 | Lair:2   | Killed a six-headed hydra
 17117 | Lair:2   | Noticed Fannar
 17146 | Lair:2   | Killed a six-headed hydra
 17210 | Lair:2   | Killed Fannar
 17537 | Lair:2   | Found a staircase to the Swamp.
 17643 | Lair:3   | Found an opulent altar of Gozag.
 17831 | Lair:3   | Found a staircase to the Snake Pit.
 18023 | Lair:3   | Got the Disquisition on Confrontation
 18193 | Lair:3   | HP: 1/60 [poisoned by a cane toad]
 18194 | Lair:3   | Succumbed to a cane toad's poison

Illustrated notes

Levels and vault maps discovered:
D:1:      scummos_arrival_hexagon, layout_rooms, basic_ecumenical_altar
D:2:      layout_rooms
D:3:      layout_loops_cross, eino_tiny_chamber
D:4:      layout_gridville, minitemple, temple_doors_ab, serial_forest,
          infiniplex_forest_clump_medium, infiniplex_forest_lined_3,
          infiniplex_forest_corner_1, infiniplex_forest_lined_3,
          infiniplex_forest_corner_1, infiniplex_forest_clump_double,
          uniq_eustachio
D:5:      layout_cave_pools, chequers_serial_rivers_micro_d,
          minmay_fractal_squares_5
D:6:      layout_gridville, st_stairs_10
D:7:      layout_loops_corners
D:8:      layout_basic
D:9:      layout_roguey, riverfiend_overflow_shadow_ancestor,
          gammafunk_temple_overflow_forgotten, zombieorc2_lemuel,
          serial_co_window_serial, co_window_paths_b, co_window_paths_a,
          co_window_corner_a, co_window_paths_a, co_window_cross_1,
          co_window_of_opportunity_a, co_window_corner_a, co_window_broadway_b,
          co_window_broadway_b, co_window_paths_c, co_window_paths_e,
          glass_columns_c, glass_columns_a, glass_columns_c, glass_columns_a,
          grunt_decor_cap
D:10:     layout_roguey, gammafunk_ghost_ooze, nicolae_figureground_sparkle,
          uniq_maurice, uniq_grum, uniq_maggie, uniq_sonja
D:11:     layout_roguey, due_lair_maze_entry_diamond, uniq_snorg, uniq_psyche,
          uniq_urug
Temple:   cyrus_circular_temple
Lair:1:   dpeg_oklob_gauntlet, layout_misc_corridors
Lair:2:   layout_cave_pods, palyth_hydra_swamp_entry, basic_altar,
          grunt_megastairs_3, serial_bayou_shore_b, uniq_fannar, uniq_amaemon
Lair:3:   layout_misc_corridors, minmay_snake_entry_guardpost_large,
          basic_altar, minivault_26, infiniplex_staircase_pool_2

Skill      XL: |  1  2  3  4  5  6  7  8  9 10 11 12 |
---------------+-------------------------------------+-----
Bows           | 5 6 7 8 9 11 13 14 16 18 | 18.7
Dodging        | 3 4 5 6 8 9 11 13 14 | 14.6
Fighting       | 2 3 4 5 6 7 8 9 |  9.6
Stealth        | |  1.5

Action                   |  1- 3 |  4- 6 |  7- 9 | 10-12 || total
-------------------------+-------+-------+-------+-------++-------
 Fire: Shortbow          |   104 |   144 |   352 |  1074 ||  1674
Invok: Recall Ancestor   |       |       |       |     1 ||     1
       Ancestor Life: Ba |       |       |       |     1 ||     1
       Ancestor Identity |       |       |       |     1 ||     1
  Use: Scroll            |     2 |       |     5 |     8 ||    15
Armor: Robe              |     6 |    12 |     5 |     8 ||    31
       Skin              |       |       |       |     1 ||     1
       Acid dragon scale |       |       |       |    12 ||    12
Dodge: Dodged            |    36 |    93 |   110 |   352 ||   591
Block: Other             |       |       |       |    63 ||    63
       Reflection        |       |       |       |     4 ||     4

Table legend: (Time is in decaauts)
 A = Elapsed time spent in this place.
 B = Non-inter-level travel time spent in this place.
 C = Inter-level travel time spent in this place.
 D = Time resting spent in this place.
 E = Time spent auto-exploring this place.
 F = Levels seen in this place.
 G = Mean time per level.
                   A        B        C        D        E       F      G
               +--------+--------+--------+--------+--------+-----+--------+
         Total |  14300 |  13900 |    400 |   3039 |   8023 |  15 |  953.3 |
       Dungeon |  11341 |  10999 |    342 |   2545 |   6178 |  11 | 1031.0 |
        Temple |     31 |     25 |      6 |      0 |     20 |   1 |   31.0 |
          Lair |   2927 |   2875 |     52 |    493 |   1824 |   3 |  975.7 |
               +--------+--------+--------+--------+--------+-----+--------+

Top non-repeatable levels by time:
    D:10: 2247 daAuts
     D:4: 2064 daAuts
     D:9: 1418 daAuts
  Lair:2: 1266 daAuts
  Lair:1: 1175 daAuts
     D:7: 1081 daAuts
    D:11: 942 daAuts
     D:5: 893 daAuts
     D:8: 820 daAuts
     D:3: 759 daAuts
     D:6: 592 daAuts
  Lair:3: 485 daAuts
     D:2: 305 daAuts
     D:1: 215 daAuts
  Temple: 31 daAuts
